 Dungeon Crawl Stone Soup version 0.32-a0-630-g46d191b0ed (webtiles) character file.

Game seed: 3496683507627973718

873 Strat the Fighter (level 8, -2/92 HPs)
             Began as an Oni Hedge Wizard on Mar 6, 2024.
             Slain by a vampire mosquito (6 damage)
             ... on level 5 of the Dungeon.
             The game lasted 00:14:27 (6179 turns).

Strat the Fighter (Oni Hedge Wizard)                Turns: 6179, Time: 00:14:27

Health: -2/92      AC:  4    Str: 17    XL:     8   Next: 4%
Magic:  0/17       EV:  9    Int: 15    God:
Gold:   231        SH:  0    Dex:  8    Spells: 11/19 levels left

rFire   . . .        b - +1 flail
rCold   . . .        (no shield)
rNeg    . . .        t - +0 robe
rPois   .            c - +0 hat
rElec   .            f - +0 cloak
rCorr   .            (gloves unavailable)
SInv    .            (boots unavailable)
Will    .....        l - amulet of guardian spirit
Stlth   +            (no ring)
HPRegen 0.35/turn    (no ring)
MPRegen 0.15/turn

%: guardian spirit
@: studying Staves
A: large, unfitting armour, horns 1, tough skin 1, double potion healing,
drunken brawling
a: no special abilities


You were on level 5 of the Dungeon.
You visited 1 branch of the dungeon, and saw 5 of its levels.

You collected 231 gold pieces.

Inventory:

Hand Weapons
 a - a +0 dagger
 b - a +1 flail (weapon)
 g - a +0 spear
 i - a +0 halberd
Missiles
 e - 6 curare-tipped darts
 m - 4 poisoned darts
 p - 2 throwing nets
Armour
 c - a +0 hat (worn)
 f - a +0 cloak (worn)
 t - a +0 robe (worn)
Jewellery
 l - an amulet of guardian spirit (around neck)
Wands
 v - a wand of flame (23)
Scrolls
 j - a scroll of fog
 k - a scroll of identify
 n - 2 scrolls of immolation
Potions
 d - a potion of magic
 h - 2 potions of curing
 o - a potion of ambrosia
 u - 2 potions of lignification
 w - a potion of cancellation


   Skills:
 * Level 9.0 Fighting
 + Level 2.0 Maces & Flails
 - Level 1.7 Dodging
 - Level 1.4 Stealth
 + Level 6.4 Spellcasting
 - Level 0.8 Conjurations
 - Level 0.8 Summonings
 - Level 0.8 Translocations


You had 11 spell levels left.
You knew the following spells:

 Your Spells              Type           Power      Damage    Failure   Level
a - Magic Dart            Conj           28%        1d4       10%         1
b - Blink                 Tloc           14%        N/A       16%         2
c - Call Imp              Summ           14%        N/A       16%         2
d - Mephitic Cloud        Conj/Alch/Air  5%         N/A       36%         3

Your spell library contained the following spells:

 Spells                   Type           Power      Damage    Failure   Level
 Slow                     Hex            16%        N/A       14%         1
 Lesser Beckoning         Tloc           14%        N/A       16%         2
 Cigotuvi's Dreadful Rot  Necr/Alch/Air  8%         N/A       22%         2
 Gell's Gravitas          Tloc           7%         N/A       30%         3
 Teleport Other           Tloc           7%         N/A       30%         3
 Animate Dead             Necr           4%         N/A       80%         4
 Borgnjor's Vile Clutch   Necr/Erth      2%         N/A       98%         5
 Death Channel            Necr           2%         N/A       100%        6


Dungeon Overview and Level Annotations

Branches:
Dungeon (5/15)
 Temple: D:4-7

Altars:
Ashenzari
Kikubaaqudgha
Uskayaw

Shops:
D:2 *

Annotations:
D:3 1 runed translucent door, Crazy Yiuf
D:4 Dowan


Innate Abilities, Weirdness & Mutations

You are too large for most types of armour.
You have a pair of small horns on your head.
You have tough skin. (AC +1)
You gain doubled healing and magic from potions.
Whenever you drink a healing potion, you attack all around you.


Message History

The vampire mosquito draws strength from your injuries!
The vampire mosquito bites you!
* * * LOW HITPOINT WARNING * * *
The vampire mosquito draws strength from your injuries!
Your cerulean imp hits the vampire mosquito but does no damage.
The vampire mosquito closely misses you.
Your cerulean imp misses the vampire mosquito.
The vampire mosquito bites you.
* * * LOW HITPOINT WARNING * * *
The vampire mosquito draws strength from your injuries!
Your cerulean imp barely misses the vampire mosquito.
The vampire mosquito bites you.
* * * LOW HITPOINT WARNING * * *
The vampire mosquito draws strength from your injuries!
The vampire mosquito attacks as it pursues you!
The vampire mosquito barely misses you. The vampire mosquito bites you!
* * * LOW HITPOINT WARNING * * *
The vampire mosquito draws strength from your injuries!
Your cerulean imp hits the vampire mosquito but does no damage.
The vampire mosquito attacks as it pursues you!
The vampire mosquito bites you.
* * * LOW HITPOINT WARNING * * *
The vampire mosquito draws strength from your injuries!
The vampire mosquito barely misses you.
There is an open door here.
The vampire mosquito bites you!
* * * LOW HITPOINT WARNING * * *
The vampire mosquito draws strength from your injuries!
Casting: Call Imp (safe; 16% risk of failure)
Confirm with . or Enter, or press ? or * to list all spells.
A tiny devil pulls itself out of the air.
Your cerulean imp disappears in a puff of smoke!
The vampire mosquito barely misses you. The vampire mosquito bites you!
* * * LOW HITPOINT WARNING * * *
The vampire mosquito draws strength from your injuries!
The vampire mosquito bites you!
* * * LOW HITPOINT WARNING * * *
The vampire mosquito draws strength from your injuries!
The vampire mosquito bites you.
You die...

#............).............
#............#.............
#............#.........####
#............#.........#
#............#.........#
'............#.§.......#
##...####..###.........######+##
##...####..####y####.......>...##
#.....#.........@5.#.............
#.....#............#.............
#.....#.†..........#.............
+.....'............+.....÷.......
#######..###########.....<.......
####.^#............#'##+######
#.....#............#..........
#.....#............#..........
#.....#............#..........


You could see a vampire mosquito (ally target) and a friendly cerulean imp
(summoned).

Vanquished Creatures
  Duvessa (D:4)
  A centaur (D:5)
  2 scorpions (D:5)
  2 hounds (D:5)
  A gnoll bouda (D:4)
  Ijyb (D:3)
  3 orc wizards
  7 gnolls
  8 adders
  A shadow imp (D:5)
  4 ribbon worms
  2 dart slugs (D:2)
  11 orcs
  10 ball pythons
  6 endoplasms
  4 giant cockroaches
  9 goblins
  7 hobgoblins
  6 jackals
  2 quokkas (D:3)
  7 bats
  4 frilled lizards
  5 kobolds
  10 rats
114 creatures vanquished.

Vanquished Creatures (collateral kills)
  A bombardier beetle (D:5)
  An iguana (D:4)
  2 gnolls
  An adder (D:2)
  A ribbon worm (D:3)
  3 orcs (D:4)
  A ball python (D:3)
  A giant cockroach (D:2)
  A hobgoblin (D:2)
  A frilled lizard (D:2)
13 creatures vanquished.

Grand Total: 127 creatures vanquished

Notes
Turn   | Place    | Note
-------+----------+-------------------------------------------
     0 | D:1      | Strat the Oni Hedge Wizard began the quest for the Orb.
     0 | D:1      | Reached XP level 1. HP: 16/16 MP: 5/5
    90 | D:1      | Reached skill level 1 in Fighting
   123 | D:1      | You fall into a shaft and drop 1 floor!
   203 | D:1      | Reached XP level 2. HP: 25/28 MP: 3/6
   219 | D:1      | Learned a level 2 spell: Blink
   222 | D:1      | Learned a level 2 spell: Call Imp
   276 | D:1      | Reached skill level 2 in Fighting
   553 | D:1      | Reached XP level 3. HP: 36/36 MP: 8/8
   851 | D:1      | Reached skill level 3 in Fighting
  1227 | D:2      | Found Ogius's General Store.
  1292 | D:2      | Reached XP level 4. HP: 44/48 MP: 7/10
  1529 | D:2      | Reached skill level 4 in Fighting
  1844 | D:1      | Reached XP level 5. HP: 48/55 MP: 9/12
  2019 | D:2      | Reached skill level 5 in Fighting
  3215 | D:3      | Noticed Ijyb
  3438 | D:3      | Reached skill level 5 in Spellcasting
  3700 | D:3      | Killed Ijyb
  3701 | D:3      | Reached skill level 6 in Fighting
  3701 | D:3      | Reached XP level 6. HP: 46/67 MP: 3/13
  3855 | D:3      | Found a runed translucent door.
  3856 | D:3      | Noticed Crazy Yiuf
  3862 | D:3      | Learned a level 3 spell: Mephitic Cloud
  3959 | D:4      | Noticed Duvessa
  3961 | D:4      | Noticed Dowan
  4015 | D:5      | Entered Level 5 of the Dungeon
  4159 | D:5      | Noticed a vampire mosquito
  4167 | D:5      | Found a hide-covered altar of Uskayaw.
  4167 | D:5      | Found a broken altar of Ashenzari.
  4169 | D:5      | Found an ancient bone altar of Kikubaaqudgha.
  5006 | D:4      | Reached skill level 7 in Fighting
  5170 | D:4      | Killed Duvessa
  5171 | D:4      | Reached XP level 7. HP: 72/78 MP: 6/15
  5554 | D:4      | Reached skill level 8 in Fighting
  5731 | D:5      | Reached skill level 1 in Maces & Flails
  6108 | D:5      | Reached skill level 9 in Fighting
  6108 | D:5      | Reached XP level 8. HP: 87/92 MP: 17/17
  6179 | D:5      | HP: 4/92 [vampire mosquito (10)]
  6179 | D:5      | Slain by a vampire mosquito

Illustrated notes

Levels and vault maps discovered:
D:1:      lightli_arrival_statue_moat, layout_loops_ring, minmay_split_cup_small
D:2:      layout_rooms, serial_shops, shop, nrook_mini_backslash,
          minmay_joined_circles
D:3:      layout_basic, cheibrodos_sewer_entry_bend, roderic_st_hans_cross,
          uniq_crazy_yiuf_cottage, uniq_ijyb
D:4:      layout_gridville, uniq_duvessa
D:5:      layout_gridville, minitemple, serial_shops, shop, minmay_manual_mess

Skill      XL: |  1  2  3  4  5  6  7 |
---------------+----------------------+-----
Fighting       | 1 2 3 4 6 7 9 |  9.0
Spellcasting   | 4 5 6 |  6.4
Maces & Flails | 2 |  2.0
Dodging        | |  1.7
Stealth        | |  1.4
Conjurations   | |  0.8
Summonings     | |  0.8
Translocations | |  0.8

Action                     |  1- 3 |  4- 6 |  7- 9 || total
---------------------------+-------+-------+-------++-------
  Melee: Dagger            |    68 |       |       ||    68
         Headbutt          |    18 |    39 |    17 ||    74
         Spear             |    91 |   342 |    11 ||   444
         Flail             |       |       |    71 ||    71
   Cast: Magic Dart        |     6 |       |       ||     6
         Call Imp          |     1 |    35 |     3 ||    39
         Blink             |     1 |     2 |       ||     3
         Mephitic Cloud    |       |     5 |     4 ||     9
  Evoke: Wand              |       |       |     2 ||     2
    Use: Scroll            |       |    13 |     1 ||    14
         Potion            |       |       |     2 ||     2
   Stab: Sleeping          |     4 |     2 |       ||     6
         Confused          |       |     3 |     3 ||     6
 Armour: Robe              |    97 |   243 |    83 ||   423
  Dodge: Dodged            |    59 |   163 |    62 ||   284

Table legend: (Time is in decaauts)
 A = Elapsed time spent in this place.
 B = Non-inter-level travel time spent in this place.
 C = Inter-level travel time spent in this place.
 D = Time resting spent in this place.
 E = Time spent auto-exploring this place.
 F = Levels seen in this place.
 G = Mean time per level.
                   A        B        C        D        E       F      G
               +--------+--------+--------+--------+--------+-----+--------+
         Total |   6254 |   5878 |    376 |   1068 |   2861 |   5 | 1250.8 |
       Dungeon |   6254 |   5878 |    376 |   1068 |   2861 |   5 | 1250.8 |
               +--------+--------+--------+--------+--------+-----+--------+

Top non-repeatable levels by time:
     D:3: 1460 daAuts
     D:1: 1459 daAuts
     D:4: 1386 daAuts
     D:2: 1170 daAuts
     D:5: 777 daAuts
